 Dungeon Crawl Stone Soup version 0.32-a0-314-g526f7d4993 (webtiles) character file.

Game seed: 13855572263613431605

20468 Drazool the Arsonist (level 12, 0/101 HPs)
             Began as a Mountain Dwarf Fire Elementalist on Feb 15, 2024.
             Was an Elder of Sif Muna.
             Slain by a skyshark (9 damage)
             ... on level 4 of the Lair of Beasts.
             The game lasted 01:02:30 (17667 turns).

Drazool the Arsonist (MDFE)                        Turns: 17667, Time: 01:02:31

Health: 0/101      AC: 16    Str: 12    XL:     12   Next: 45%
Magic:  12/25      EV:  3    Int: 20    God:    Sif Muna [****..]
Gold:   1074       SH:  0    Dex: 10    Spells: 16/29 levels left

rFire   + . .        I - +5 battleaxe (flame)
rCold   + . .        (shield currently unavailable)
rNeg    . . .        t - +0 plate armour
rPois   .            g - +0 helmet
rElec   .            f - +0 cloak
rCorr   .            s - +0 pair of gloves
SInv    .            (no boots)
Will    +....        (no amulet) Stlth
                     F - ring of protection from fire
HPRegen 0.36/turn    C - ring of protection from cold
MPRegen 0.19/turn

%: no passive effects
@: no status effects
A: runic magic, artefact enchanting
a: Renounce Religion, Channel Magic, Forget Spell, Divine Exegesis


You were on level 4 of the Lair of Beasts.
You worshipped Sif Muna.
Sif Muna was greatly pleased with you.
You visited 2 branches of the dungeon, and saw 15 of its levels.
You also visited: Gauntlet.

You collected 1074 gold pieces.


Innate Abilities, Weirdness & Mutations

Your spellcasting is much less encumbered by armour.
You can use scrolls of enchantment on lesser artefacts.


   Skills:
 - Level 7.8 Fighting
 + Level 9.4 Axes
 - Level 6.0 Armour
 - Level 1.3 Dodging
 - Level 1.4 Stealth
 - Level 9.0 Spellcasting
 - Level 6.0 Conjurations
 - Level 2.0 Hexes
 - Level 4.0 Translocations
 - Level 12.0 Fire Magic
 - Level 6.0 Invocations
 - Level 2.0 Evocations


You had 16 spell levels left.
You knew the following spells:

 Your Spells              Type           Power      Damage    Failure   Level
f - Foxfire               Conj/Fire      100%       2x1d9     1%          1
r - Inner Flame           Hex/Fire       37%        N/A       4%          3
X - Scorch                Fire           100%       2d9       1%          2
Y - Volatile Blastmotes   Fire/Tloc      82%        2d16      2%          3
Z - Flame Wave            Conj/Fire      45%        2d12      6%          4

Your spell library contained the following spells:

 Spells                   Type           Power      Damage    Failure   Level
 Apportation              Tloc           50%        N/A       4%          1
 Sting                    Conj/Alch      84%        1d8       8%          1
 Lesser Beckoning         Tloc           50%        N/A       8%          2
 Gell's Gravitas          Tloc           25%        N/A       14%         3
 Teleport Other           Tloc           25%        N/A       14%         3
 Necrotise                Necr           36%        1d5       26%         1
 Summon Small Mammal      Summ           36%        N/A       26%         1
 Iskenderun's Mystic Bla  Conj/Tloc      29%        2d7       32%         4
 Fulminant Prism          Conj/Alch      10%        3d8       58%         4
 Animate Dead             Necr           9%         N/A       94%         4
 Haunt                    Necr/Summ      4%         N/A       100%        7
 Infestation              Necr           4%         N/A       100%        8

Inventory:

Hand Weapons
 a - a +0 dagger of draining
 G - a +0 broad axe of draining
 I - a +5 battleaxe of flaming (weapon)
Missiles
 z - 6 curare-tipped darts {=f}
Armour
 f - a +0 cloak (worn)
 g - a +0 helmet (worn)
 s - a +0 pair of gloves (worn)
 t - a +0 plate armour (worn)
Jewellery
 c - a ring of protection from cold
 y - a ring of ice
 C - a ring of protection from cold (right hand)
 E - a +5 ring of evasion
 F - a ring of protection from fire (left hand)
 P - a ring of poison resistance
 R - a ring of resist corrosion
 W - a ring of willpower
 Z - a ring of wizardry
Wands
 b - a wand of charming (5)
 x - a wand of light (16)
Scrolls
 d - 3 scrolls of noise
 k - a scroll of immolation
 l - a scroll of vulnerability
 m - 2 scrolls of enchant weapon
 B - a scroll of poison
 D - a scroll of acquirement
 J - a scroll of fog
Potions
 e - 4 potions of curing {@q1}
 i - a potion of mutation {unknown}
 j - a potion of attraction {unknown}
 n - a potion of degeneration {unknown}
 q - a potion of berserk rage {unknown}
 r - 4 potions of lignification
 u - a potion of might
 v - 3 potions of enlightenment
 A - a potion of magic

Dungeon Overview and Level Annotations

Branches:
Dungeon (11/15)            Temple (0/1) D:4            Lair (4/5) D:11
 Shoals (0/4) Lair:2          Orc (0/2) D:11        Gauntlet (visited)
  Snake: Lair:2-3    Spider: Lair:2-3     Slime: Lair:4-5

Altars:
Ashenzari
Cheibriados
Fedhas
Gozag
Hepliaklqana
Kikubaaqudgha
Makhleb
Okawaru
Qazlal
Sif Muna
Uskayaw
Wu Jian
Xom
Yredelemnul
Zin
The Shining One

Shops:
D:10 :

Annotations:
D:6 1 runed translucent door, Splishie's ghost, novice DrSh
D:9 1 runed translucent door
D:10 1 runed translucent door
D:11 exclusion: 13 doors
Lair:1 2 transporters
Lair:4 Kirke

##########...## ##.##..
#.#.#.....^...###.#...
#...................
#.................####
#....................#
##..................###
#...............#...##
##............###...##
#.#.@.......## ##...#
###F#......#.# ##.##
###.†#.##.....## ##..#
#.#..#####.#### #...#
##..## ### #.... ##...#
###.. #..#.# #.#.
#...### ##.. ......#
##.


You could see a skyshark (berserk, blind, unable to see you).


Message History

The bolt of light hits the skyshark!
The skyshark is moderately wounded.
The skyshark is blinded.
The bolt of light hits the black bear!
The black bear is severely wounded.
The black bear is blinded.
The skyshark bites you but does no damage.
The skyshark barely misses you. x2
The skyshark bites you but does no damage.
The skyshark barely misses you. The skyshark tail-slaps you!
* * * LOW HITPOINT WARNING * * *
Casting: Flame Wave (dangerous; 6% risk of failure)
Confirm with . or Enter, or press ? or * to list all spells.
Casting: Flame Wave (dangerous; 6% risk of failure)
Press: ? - help, Dir - look around, f - activate A wave of flame ripples out!
The flame wave engulfs the skyshark!
The skyshark is heavily wounded. (Press . to intensify the flame waves.)
The skyshark bites you but does no damage.
The skyshark tail-slaps you.
* * * LOW HITPOINT WARNING * * *
The skyshark barely misses you.
A wave of flame ripples out!
The flame wave engulfs the skyshark!!
The skyshark is heavily wounded.
The flame wave engulfs the black bear!
You kill the black bear!
Sif Muna accepts your kill. The skyshark bites you!!
* * * LOW HITPOINT WARNING * * *
The skyshark tail-slaps you!
You die...

Skill      XL: |  1  2  3  4  5  6  7  8  9 10 11 12 |
---------------+-------------------------------------+-----
Spellcasting   | 2 3 4 5 7 9 |  9.0
Fire Magic     | 4 5 6 7 9 10 12 | 12.0
Translocations | 1 2 3 4 |  4.0
Hexes          | 2 |  2.0
Armour         | 2 4 5 6 |  6.0
Fighting       | 1 2 3 4 6 7 |  7.8
Conjurations   | 2 5 6 |  6.0
Invocations    | 5 6 |  6.0
Evocations     | 2 |  2.0
Axes           | 3 9 |  9.4
Dodging        | |  1.3
Stealth        | |  1.4

Action                     |  1- 3 |  4- 6 |  7- 9 | 10-12 || total
---------------------------+-------+-------+-------+-------++-------
  Melee: Unarmed           |     4 |       |       |    16 ||    20
         Punch             |     1 |       |       |       ||     1
         Dagger            |     8 |    14 |     5 |    28 ||    55
         Battleaxe         |       |       |       |     2 ||     2
   Cast: Foxfire           |    48 |    77 |   187 |   298 ||   610
         Scorch            |     5 |    17 |    53 |    94 ||   169
         Volatile Blastmot |       |       |     7 |    23 ||    30
         Flame Wave        |       |       |     7 |    45 ||    52
         Inner Flame       |       |       |       |     1 ||     1
 Invoke: Channel Magic     |       |       |     2 |     6 ||     8
  Evoke: Wand              |       |       |       |     3 ||     3
    Use: Scroll            |     2 |     2 |     7 |    15 ||    26
         Potion            |       |       |     1 |     8 ||     9
 Armour: Ring mail         |     5 |     1 |       |       ||     6
         Robe              |     1 |       |       |       ||     1
         Troll leather arm |       |    18 |    35 |   134 ||   187
         Plate armour      |       |       |       |    75 ||    75
         Skin              |       |       |       |    27 ||    27
  Dodge: Dodged            |    16 |     8 |    26 |    96 ||   146

Levels and vault maps discovered:
D:1:      minmay_arrival_radiant_lines, layout_loops_ring
D:2:      layout_loops_ring, basic_altar
D:3:      cheibrodos_fertilizer, layout_basic,
          dreamdust_ecumenical_altar_statues
D:4:      layout_basic, mainiacjoe_overflow_catwalk,
          mainiacjoe_overflow_24_doors, nicolae_overflow_macrodata_refinement,
          minmay_temple_entry_nine_rooms
D:5:      layout_rooms, okawaru_ov_weapons_minmay, uniq_grinder
D:6:      layout_basic, grunt_temple_overflow_open, ebering_ghost_sewer_d,
          uniq_sigmund
D:7:      layout_cave_pools, mainiacjoe_overflow_alcove_4,
          kennysheep_decorative_pillar, amcnicky_mini_pool_medium
D:8:      layout_loops_ring, nicolae_qazlal_scattered_showers, serial_aquarium,
          aquarium_bridge_long_joined [aquarium_subvault_wall,
          aquarium_subvault_balcony, aquarium_subvault_wall,
          aquarium_subvault_bridge, aquarium_subvault_balcony,
          aquarium_subvault_wall], aquarium_bridge_straight
          [aquarium_subvault_bridge, aquarium_subvault_window,
          aquarium_subvault_bridge, aquarium_subvault_wall],
          aquarium_window_corridor_1, aquarium_window_corner, aquarium_window_2,
          aquarium_view_2f, aquarium_pool_1, hangedman_misty_isle,
          uniq_prince_ribbit1, uniq_jeremiah
D:9:      cheibrodos_shockbox, layout_basic, nicolae_overflow_crystal_walls
D:10:     gammafunk_indiana_jones, layout_basic, mainiacjoe_overflow_alcove_1,
          nicolae_benzene_ring, nicolae_shop_i_like_big_books
D:11:     minmay_the_grid_net [minmay_the_grid_spikes, minmay_the_grid_fan,
          minmay_the_grid_expand, minmay_the_grid_diamond_grid,
          minmay_the_grid_dragon_a, minmay_the_grid_prize_four_corners],
          layout_rooms, uniq_sonja
Lair:1:   gammafunk_worm_tunnel, layout_small_grid, gauntlet_entry_generic
Lair:2:   layout_roguey, minmay_shoals_entry_centaurs,
          minmay_snake_entry_guardpost_large, nicolae_quartered_pool_super,
          chequers_serial_rivers_micro_d, minmay_holes, serial_bayou_lagoon_a,
          chequers_serial_rivers_room_b, dreamdust_deal_with_the_devil,
          serial_bayou_shore_b, infiniplex_staircase_pool
Lair:3:   layout_cave_pods, uniq_nergalle, uniq_fannar
Lair:4:   layout_cave_pods, lemuel_fruit_fields, grunt_megastairs_2, uniq_kirke

Notes
Turn   | Place    | Note
-------+----------+-------------------------------------------
     0 | D:1      | Drazool the Mountain Dwarf Fire Elementalist began the
                  | quest for the Orb.
     0 | D:1      | Reached XP level 1. HP: 14/14 MP: 3/3
   134 | D:1      | Reached skill level 2 in Spellcasting
   211 | D:1      | Reached XP level 2. HP: 20/20 MP: 0/5
   620 | D:1      | Learned a level 2 spell: Scorch
   948 | D:2      | Reached skill level 3 in Spellcasting
  1037 | D:2      | Reached XP level 3. HP: 26/26 MP: 4/7
  1139 | D:2      | Found a shimmering altar of Xom.
  1547 | D:3      | Reached skill level 4 in Fire Magic
  1907 | D:3      | Reached XP level 4. HP: 33/33 MP: 4/8
  2040 | D:3      | Found a faded altar of an unknown god.
  2324 | D:3      | Learned a level 3 spell: Inner Flame
  2328 | D:3      | Learned a level 3 spell: Volatile Blastmotes
  2682 | D:3      | Reached skill level 5 in Fire Magic
  2842 | D:3      | Reached skill level 1 in Translocations
  3060 | D:3      | Reached XP level 5. HP: 38/38 MP: 6/9
  3132 | D:3      | Found a glowing golden altar of the Shining One.
  3132 | D:3      | Found a stormy altar of Qazlal.
  3132 | D:3      | Found a hide-covered altar of Uskayaw.
  3132 | D:3      | Found a blossoming altar of Fedhas.
  3132 | D:3      | Found a burning altar of Makhleb.
  3132 | D:3      | Found an ancient bone altar of Kikubaaqudgha.
  3207 | D:4      | Reached skill level 2 in Translocations
  3357 | D:4      | Reached skill level 2 in Hexes
  3357 | D:4      | Reached skill level 1 in Armour
  3431 | D:4      | Found an opulent altar of Gozag.
  3621 | D:4      | Found a broken altar of Ashenzari.
  3647 | D:4      | Found a burning altar of Makhleb.
  3649 | D:4      | Found a shimmering blue altar of Sif Muna.
  3657 | D:4      | Found a basalt altar of Yredelemnul.
  3659 | D:4      | Became a worshipper of Sif Muna the Loreminder
  3661 | D:4      | Found a hazy altar of Hepliaklqana.
  3661 | D:4      | Noticed a phantom
  3666 | D:4      | Killed a phantom
  3667 | D:4      | Reached skill level 2 in Armour
  3667 | D:4      | Reached skill level 1 in Fighting
  3667 | D:4      | Reached XP level 6. HP: 48/48 MP: 4/10
  4021 | D:4      | Found a staircase to the Ecumenical Temple.
  4167 | D:5      | Entered Level 5 of the Dungeon
  4171 | D:5      | Reached skill level 2 in Fighting
  4171 | D:5      | Reached skill level 1 in Conjurations
  4271 | D:5      | Reached skill level 2 in Conjurations
  4429 | D:4      | Reached skill level 6 in Fire Magic
  4429 | D:4      | Reached XP level 7. HP: 21/55 MP: 6/11
  4685 | D:5      | Reached skill level 7 in Fire Magic
  4694 | D:5      | Reached skill level 3 in Translocations
  4850 | D:5      | Reached skill level 3 in Armour
  4991 | D:5      | Noticed Grinder
  4993 | D:5      | Paralysed by Grinder for 2 turns
  5005 | D:5      | Killed Grinder
  5006 | D:5      | Reached skill level 4 in Armour
  5006 | D:5      | Reached skill level 3 in Fighting
  5006 | D:5      | Reached XP level 8. HP: 66/66 MP: 2/12
  5115 | D:4      | Reached skill level 4 in Fighting
  5115 | D:4      | Reached skill level 1 in Invocations
  5170 | D:5      | Reached skill level 2 in Invocations
  5196 | D:5      | Reached * piety under Sif Muna
  5269 | D:5      | Reached skill level 3 in Invocations
  5341 | D:5      | Found an iron altar of Okawaru.
  5553 | D:5      | Reached skill level 4 in Spellcasting
  5673 | D:6      | Reached skill level 4 in Invocations
  5825 | D:6      | Reached skill level 5 in Invocations
  6115 | D:5      | Reached skill level 8 in Fire Magic
  6525 | D:6      | Found a runed translucent door.
  6529 | D:6      | Noticed Splishie's ghost (novice DrSh)
  6561 | D:6      | Noticed Sigmund
  6569 | D:6      | Killed Sigmund
  6570 | D:6      | Reached skill level 9 in Fire Magic
  6570 | D:6      | Reached XP level 9. HP: 71/71 MP: 7/15
  6575 | D:6      | Learned a level 4 spell: Flame Wave
  6760 | D:6      | Found a snail-covered altar of Cheibriados.
  6763 | D:6      | Found a shimmering altar of Xom.
  6765 | D:6      | Found a blossoming altar of Fedhas.
  6874 | D:6      | Reached skill level 3 in Conjurations
  7198 | D:7      | Reached skill level 4 in Conjurations
  7260 | D:7      | Reached skill level 5 in Armour
  7473 | D:7      | Reached skill level 6 in Invocations
  7681 | D:7      | Reached ** piety under Sif Muna
  7682 | D:7      | Reached skill level 5 in Conjurations
  7725 | D:7      | Found an ornate altar of the Wu Jian Council.
  7766 | D:7      | Reached skill level 5 in Spellcasting
  8185 | D:8      | Noticed Jeremiah
  8443 | D:8      | Reached skill level 10 in Fire Magic
  8550 | D:8      | Found a stormy altar of Qazlal.
  8556 | D:8      | Noticed Prince Ribbit
  8562 | D:8      | Killed Prince Ribbit
  8569 | D:8      | Reached XP level 10. HP: 78/78 MP: 7/17
  8778 | D:8      | Killed Jeremiah
  8779 | D:8      | Reached skill level 4 in Translocations
  9048 | D:8      | Noticed a purple ugly thing
  9064 | D:8      | Killed a purple ugly thing
  9065 | D:8      | Reached skill level 5 in Fighting
  9416 | D:8      | Reached skill level 6 in Spellcasting
  9982 | D:9      | Found a glowing silver altar of Zin.
 10065 | D:9      | Reached *** piety under Sif Muna
 10074 | D:9      | Reached skill level 7 in Spellcasting
 10447 | D:9      | Found a runed translucent door.
 10448 | D:9      | Noticed a sixfirhy
 10500 | D:9      | Reached skill level 6 in Fighting
 10619 | D:9      | Reached skill level 6 in Armour
 10991 | D:10     | Entered Level 10 of the Dungeon
 11002 | D:10     | Found Vunodou's Tremendous Tomes.
 11126 | D:10     | Reached skill level 6 in Conjurations
 11280 | D:10     | Reached XP level 11. HP: 65/89 MP: 8/21
 11482 | D:10     | Reached skill level 11 in Fire Magic
 11866 | D:10     | Found an ancient bone altar of Kikubaaqudgha.
 12273 | D:10     | Found a runed translucent door.
 12471 | D:11     | Noticed an ice dragon
 12637 | D:11     | Noticed Sonja
 12650 | D:11     | Noticed a boulder beetle
 12794 | D:11     | Reached skill level 12 in Fire Magic
 12799 | D:10     | Reached **** piety under Sif Muna
 12939 | D:11     | Found a staircase to the Orcish Mines.
 12946 | D:11     | Killed Sonja
 13107 | D:11     | Noticed a two-headed ogre
 13317 | D:11     | Noticed a deep elf pyromancer
 13406 | D:11     | Reached skill level 8 in Spellcasting
 13592 | D:11     | Noticed a death knight
 13693 | D:11     | Reached skill level 7 in Fighting
 13729 | D:11     | Found a staircase to the Lair.
 13737 | Lair:1   | Entered Level 1 of the Lair of Beasts
 13762 | Lair:1   | Reached skill level 2 in Evocations
 14074 | Lair:1   | Found a gate leading to a gauntlet.
 14083 | Gauntlet | Entered a Gauntlet
 14083 | Gauntlet | Found a transporter.
 14086 | Gauntlet | Noticed a large abomination
 14095 | Gauntlet | Found a transporter.
 14095 | Gauntlet | Found a transporter.
 14096 | Gauntlet | Found a transporter.
 14104 | Gauntlet | Found a transporter.
 14107 | Gauntlet | Found a transporter.
 14108 | Gauntlet | Found a transporter.
 14110 | Gauntlet | Noticed a lightning spire
 14120 | Gauntlet | Found a transporter.
 14121 | Gauntlet | Found a transporter.
 14129 | Gauntlet | Found a transporter.
 14130 | Gauntlet | Noticed a blizzard demon
 14132 | Gauntlet | Found a transporter.
 14133 | Gauntlet | Found a transporter.
 14135 | Gauntlet | Noticed a ghost crab
 14141 | Gauntlet | Found a transporter.
 14178 | Gauntlet | Found a transporter.
 14309 | Lair:1   | Found a transporter.
 14369 | Lair:1   | Found a transporter.
 14369 | Lair:1   | Found the amulet of the Four Winds {rN+ Will+++ Clar}
 14484 | Lair:1   | Reached skill level 9 in Spellcasting
 15164 | Lair:2   | Reached skill level 1 in Axes
 15166 | Lair:2   | Reached skill level 2 in Axes
 15171 | Lair:2   | Reached skill level 3 in Axes
 15171 | Lair:2   | Reached XP level 12. HP: 84/101 MP: 13/25
 15262 | Lair:2   | Identified a scroll of acquirement
 15308 | Lair:2   | Reached skill level 4 in Axes
 15388 | Lair:2   | Found a staircase to the Shoals.
 15839 | Lair:2   | Reached skill level 5 in Axes
 16005 | Lair:2   | Reached skill level 6 in Axes
 16098 | Lair:2   | You fall into a shaft and drop 2 floors!
 16248 | Lair:4   | Reached skill level 7 in Axes
 16483 | Lair:3   | Reached skill level 8 in Axes
 16632 | Lair:3   | Noticed a catoblepas
 16709 | Lair:4   | Noticed Kirke
 16738 | Lair:4   | HP: 3/101 [hog[Kirke] (8)]
 17081 | Lair:4   | Reached skill level 9 in Axes
 17264 | Lair:4   | HP: 8/101 [bullfrog (4)]
 17667 | Lair:4   | HP: 9/101 [skyshark (19)]
 17667 | Lair:4   | Slain by a skyshark

Vanquished Creatures
  Sonja (D:11)
  A cyclops (D:11)
  An ugly thing (D:8)
  2 black mambas (Lair:1)
  A gargoyle (D:10)
  Jeremiah (D:8)
  3 cane toads
  An unseen horror (D:11)
  4 komodo dragons
  A polar bear (Lair:1)
  Grinder (D:5)
  2 trolls
  Prince Ribbit (D:8)
  11 blink frogs
  Sigmund (D:6)
  21 yaks
  3 shadows
  2 wyverns
  3 hogs (Lair:4)
  A vampire (D:10)
  2 steam dragons
  2 vampire mosquitoes (D:10)
  4 nagas
  An acid dragon (D:11)
  12 water moccasins
  5 orc warriors
  3 black bears
  2 ice beasts (D:8)
  4 wolves (Lair:2)
  6 ogres
  4 sky beasts
  9 centaurs
  3 kobold brigands
  A phantom (D:4)
  9 bullfrogs
  4 scorpions
  9 wights
  6 killer bees
  2 howler monkeys
  6 hounds
  5 jellies
  A sleepcap (D:6)
  3 orc priests
  A gnoll bouda (D:5)
  An iguana (D:4)
  7 orc wizards
  6 gnolls
  8 adders
  A shadow imp (D:7)
  3 white imps
  2 ufetubi (D:6)
  2 dart slugs
  A ribbon worm (D:3)
  22 orcs
  4 bats
  11 endoplasms
  4 giant cockroaches
  4 goblins
  6 hobgoblins
  A quokka (D:4)
  3 ball pythons
  3 frilled lizards
  33 kobolds
  A rat (D:3)
289 creatures vanquished.

Vanquished Creatures (collateral kills)
  A sky beast (D:8)
  12 foxfires
13 creatures vanquished.

Vanquished Creatures (others)
  A steam dragon (D:8)
  813 foxfires
814 creatures vanquished.

Grand Total: 1116 creatures vanquished

Table legend: (Time is in decaauts)
 A = Elapsed time spent in this place.
 B = Non-inter-level travel time spent in this place.
 C = Inter-level travel time spent in this place.
 D = Time resting spent in this place.
 E = Time spent auto-exploring this place.
 F = Levels seen in this place.
 G = Mean time per level.
                   A        B        C        D        E       F      G
               +--------+--------+--------+--------+--------+-----+--------+
         Total |  17643 |  16989 |    654 |   3460 |  10322 |  16 | 1102.7 |
       Dungeon |  13955 |  13314 |    641 |   2379 |   8681 |  11 | 1268.6 |
          Lair |   3543 |   3531 |     12 |   1081 |   1526 |   4 |  885.8 |
      Gauntlet |    143 |    143 |      0 |      0 |    115 |   1 |  143.0 |
               +--------+--------+--------+--------+--------+-----+--------+

Top non-repeatable levels by time:
    D:10: 1682 daAuts
     D:3: 1660 daAuts
     D:8: 1654 daAuts
     D:4: 1451 daAuts
     D:6: 1293 daAuts
  Lair:4: 1292 daAuts
     D:7: 1190 daAuts
     D:9: 1179 daAuts
     D:5: 1177 daAuts
    D:11: 1134 daAuts
  Lair:2: 1075 daAuts
  Lair:1: 975 daAuts
     D:1: 852 daAuts
     D:2: 678 daAuts
  Lair:3: 200 daAuts

Table legend:
 A = Non-vault XP
 B = Vault XP
 C = Vault XP percentage of total XP
 D = Non-vault monster count
 E = Vault monster count
 F = Vault count percentage of total count
                 A         B        C        D         E       F
            +---------+---------+-------+---------+---------+-------
      Total |   22935 |    6432 |  21.9 |     241 |      50 |  17.2
            +---------+---------+-------+---------+---------+-------
        D:1 |      37 |       0 |   0.0 |      13 |       0 |   0.0
        D:2 |      17 |       0 |   0.0 |       6 |       0 |   0.0
        D:3 |      59 |      91 |  60.7 |      14 |      17 |  54.8
        D:4 |     482 |       0 |   0.0 |      16 |       0 |   0.0
        D:5 |    1042 |     282 |  21.3 |      20 |       1 |   4.8
        D:6 |     822 |     232 |  22.0 |      16 |       1 |   5.9
        D:7 |    1683 |     225 |  11.8 |      34 |       4 |  10.5
        D:8 |    1387 |    1544 |  52.7 |      24 |       8 |  25.0
        D:9 |    1919 |       0 |   0.0 |      26 |       0 |   0.0
       D:10 |    2501 |     263 |   9.5 |      11 |       2 |  15.4
       D:11 |    2788 |    2104 |  43.0 |      15 |       6 |  28.6
     Lair:1 |    3022 |       0 |   0.0 |      14 |       0 |   0.0
     Lair:2 |    3804 |     930 |  19.6 |      17 |       7 |  29.2
     Lair:3 |     912 |       0 |   0.0 |       4 |       0 |   0.0
     Lair:4 |    2460 |     761 |  23.6 |      11 |       4 |  26.7
            +---------+---------+-------+---------+---------+-------
